 Dungeon Crawl Stone Soup version 0.29.1-4-g47bece8355 (webtiles) character file.

Game seed: 15023720001856890514

67 zeram the Covered (level 4, 0/28 HPs)
             Began as a Gargoyle Fighter on Dec 9, 2022.
             Slain by an orc wizard
             ... wielding a +0 dagger
              (1 damage)
             ... on level 4 of the Dungeon.
             The game lasted 00:02:05 (1810 turns).

zeram the Covered (Gargoyle Fighter)                Turns: 1810, Time: 00:02:05

Health: 0/28       AC: 11    Str: 20    XL:     4   Next: 16%
Magic:  4/4        EV:  9    Int: 10    God:
Gold:   148        SH:  4    Dex:  9    Spells: 3/3 levels left

rFire   . . .      SeeInvis .   a - +0 flail
rCold   . . .      Faith    .   c - +0 buckler
rNeg    + . .      Spirit   .   b - +0 scale mail
rPois   ∞          Reflect  .   (no helmet)
rElec   +          Harm     .   (no cloak)
rCorr   .          Rampage  .   (no gloves)
Will    .....                   j - +0 pair of boots
Stlth   ..........              (no amulet)
HPRegen 0.09/turn               (no ring)
MPRegen 0.09/turn               (no ring)

@: no status effects
A: sickness immunity, AC +3, negative energy resistance 1, electricity
resistance, torment resistance 1, petrification resistance
a: no special abilities


You were on level 4 of the Dungeon.
You visited 1 branch of the dungeon, and saw 3 of its levels.

You collected 148 gold pieces.

Inventory:

Hand Weapons
 a - a +0 flail (weapon)
Armour
 b - a +0 scale mail (worn)
 c - a +0 buckler (worn)
 j - a +0 pair of boots (worn)
Scrolls
 e - 2 scrolls of identify
 h - 2 scrolls of fog {unknown}
 m - a scroll of immolation {unknown}
Potions
 d - a potion of might
 f - a potion of mutation {unknown}
 g - 4 potions of curing
 i - a potion of heal wounds {unknown}
 k - a potion of attraction {unknown}
 l - a potion of flight {unknown}
 n - a potion of degeneration {unknown}


   Skills:
 + Level 3.5 Fighting
 + Level 2.9 Maces & Flails
 + Level 3.8 Armour
 + Level 0.9 Dodging
 + Level 0.8 Stealth
 + Level 3.6 Shields


You had 3 spell levels left.
You didn't know any spells.
Your spell library was empty.

Dungeon Overview and Level Annotations

Branches:
Dungeon (4/15)
 Temple: D:4-7

Altars:


Innate Abilities, Weirdness & Mutations

You are immune to sickness and miasma.
Your stone body is resilient. (AC +3)
You are immune to poison.
You resist negative energy. (rN+)
You are resistant to electric shocks. (rElec)
You are resistant to unholy torment.
You are immune to petrification.


Message History

Unknown command.
You barely miss the orc wizard. You block the orc's attack.
The orc wizard hits you with a +0 dagger.
You block the orc's attack.
You barely miss the orc wizard. You block the orc's attack.
The orc hits you but does no damage.
The orc wizard hits you but does no damage.
The orc barely misses you.
Unknown command.
You miss the orc wizard. The orc closely misses you.
The orc completely misses you.
The orc wizard hits you with a +0 dagger.
The orc hits you with a +0 flail. The orc barely misses you.
The orc hits you with a +0 flail. You block the orc's attack.
The orc wizard hits you but does no damage.
Unknown command.
You barely miss the orc wizard. The orc hits you but does no damage.
You block the orc's attack. The orc wizard completely misses you.
You block the orc's attack.
Unknown command.
You closely miss the orc wizard. The orc barely misses you.
The orc hits you but does no damage. You block the orc wizard's attack.
The orc hits you with a +0 flail.
Unknown command.
You closely miss the orc wizard. The orc hits you but does no damage.
The orc wizard mumbles some strange words.
The orc wizard flickers and vanishes!
Deactivating autopickup; reactivate with Ctrl-A.
The orc hits you with a +0 flail. x2
Unknown command.
You barely miss the orc. You block the orc's attack.
Something hits you but does no damage. The orc barely misses you.
You block the orc's attack. The orc barely misses you. Something hits you.
* * * LOW HITPOINT WARNING * * *
The orc misses you. The orc hits you with a +0 flail!
* * * LOW HITPOINT WARNING * * *
Unknown command.
You barely miss the orc. The orc barely misses you. You block the orc's attack.
Something hits you.
You die...

##......# ........# .
.....:.#### ..
##........#..
##...........
#.........# #.o.....# #
#.{@$...##### .#
......oo........####..#.
.....##...#...†.........
##.. #..##.......###..
#.# #..##........#.. .
#..##.............
...#...........##.
##.##........#.##
##.........#


You could see 3 orcs.

Vanquished Creatures
  3 adders (D:2)
  A dart slug (D:1)
  An orc (D:4)
  8 bats
  2 endoplasms
  A giant cockroach (D:2)
  2 goblins (D:1)
  4 hobgoblins
  3 jackals (D:1)
  A quokka (D:4)
  3 ball pythons (D:2)
  2 frilled lizards
  5 kobolds
  A rat (D:2)
37 creatures vanquished.

Notes
Turn   | Place    | Note
-------+----------+-------------------------------------------
     0 | D:1      | zeram the Gargoyle Fighter began the quest for the Orb.
     0 | D:1      | Reached XP level 1. HP: 14/14 MP: 1/1
    61 | D:1      | Found a faded altar of an unknown god.
   308 | D:1      | Reached XP level 2. HP: 3/19 MP: 2/2
  1211 | D:2      | Reached XP level 3. HP: 23/23 MP: 3/3
  1584 | D:2      | Reached XP level 4. HP: 20/28 MP: 4/4
  1764 | D:2      | You fall into a shaft and drop 2 floors!
  1809 | D:4      | HP: 1/28 [orc/+0 flail (7)]
  1810 | D:4      | Slain by an orc wizard

Illustrated notes

Levels and vault maps discovered:
D:1:      heliophobic_arrival_ceremonial_halls, layout_basic,
          ebering_ecumenical_altar_abandoned
D:2:      layout_basic, serial_rivers, chequers_serial_rivers_micro_a,
          chequers_serial_rivers_micro_d, chequers_serial_rivers_large_b,
          chequers_serial_rivers_small_b, chequers_serial_rivers_room_b,
          chequers_serial_rivers_micro_c
D:4:      layout_cave_pools, minmay_temple_entry_waves,
          hangedman_abyss_or_decor_stagger, kennysheep_cluttered_room,
          uniq_robin, uniq_menkaure

Action                   |  1- 3 |  4- 6 || total
-------------------------+-------+-------++-------
Melee: Flail             |   126 |    25 ||   151
  Use: Scroll            |     2 |       ||     2
Armor: Scale mail        |   120 |    19 ||   139
Dodge: Dodged            |    90 |    14 ||   104
Block: Buckler           |    40 |    15 ||    55
